Flames vs Canucks
Created - 9 décembre 2014 at 19:18
Goals
|
| Flames |
0 |
1 |
1 |
2 |
| Canucks |
1 |
1 |
2 |
4 |
|
Shots
|
| Flames |
4 |
7 |
4 |
15 |
| Canucks |
6 |
11 |
14 |
31 |
|
1st period
1. Canucks , Peter Worrell 11 (Nikolai Zherdev, Matt Stajan) at 18:34 (PP)
Penalties :
Alex Goligoski (Van) for Hooking (Minor) at 2:51, Milan Hejduk (Cal) for Unsportsmanlike conduct (Major / Game Misconduct) at 8:57, Ron Hainsey (Cal) for Tripping (Minor) at 18:19
2nd period
2. Canucks , Peter Worrell 12 (Matt Stajan, Alex Goligoski) at 10:28 (PP)
3. Flames , Alexander Semin 22 (Eric Staal) at 13:45 (PP)
Penalties :
Karl Alzner (Van) for Slashing (Minor) at 5:24, David Backes (Cal) for Interference (Minor) at 10:15, Sami Lepisto (Van) for Holding (Minor) at 13:21, Erik Johnson (Cal) for Tripping (Minor) at 14:32
3rd period
4. Canucks , David Jones 4 (Clarke MacArthur, Joe Sakic) at 1:42 (PP)
5. Flames , Eric Staal 18 (Alexander Semin) at 3:11
6. Canucks , Alex Tanguay 10 (Maxim Lapierre, Steve Montador) at 7:32
Penalties :
Eric Staal (Cal) for Holding (Minor) at 0:13, Ron Hainsey (Cal) for High sticking (Minor) at 9:10, Steve Regier (Cal) for Hooking (Minor) at 11:35
Goalie Stats
Craig Anderson (Cal), 27 saves from 31 shots - (0,871), L, 4-5-1, 60:00 minutes
Carey Price (Van), 13 saves from 15 shots - (0,867), W, 17-12-3, 60:00 minutes
Players Stats for Flames
Player Name G A P +/- PIM S H SB GA TA FO MP PP MP PK MP
------------------------------------------------------------------------------------
Alexander Semin 1 1 2 1 0 4 4 0 0 1 0/0 21:24 2:03 1:55
Branko Radivojevic 0 0 0 0 0 0 0 0 0 1 0/0 9:42 1:07 0:00
David Backes 0 0 0 1 2 0 4 0 1 0 1/2 19:00 2:16 3:07
Derek Meech 0 0 0 -1 0 0 0 0 0 0 0/0 15:12 0:00 4:39
Eric Staal 1 1 2 1 2 4 1 0 0 0 8/18 18:41 2:03 3:40
Erik Johnson 0 0 0 0 2 0 2 0 1 4 0/0 20:31 2:24 4:44
Filip Kuba 0 0 0 1 0 0 0 4 0 0 0/0 21:30 1:58 2:31
Jordin Tootoo 0 0 0 -1 0 1 4 1 0 0 1/2 17:36 0:00 4:05
Marcel Goc 0 0 0 0 0 0 0 0 0 1 1/7 11:34 0:00 0:14
Mark Bell 0 0 0 -1 0 2 1 0 0 1 0/0 13:39 2:19 0:00
Michal Handzus 0 0 0 -1 0 1 1 0 0 0 6/20 20:24 2:19 6:29
Mike Leclerc 0 0 0 0 0 0 2 1 0 0 0/1 14:36 0:00 6:16
Mikhail Grabovski 0 0 0 0 0 0 0 1 0 0 0/1 6:47 0:00 0:00
Milan Hejduk 0 0 0 0 15 0 0 0 0 0 0/0 2:44 0:59 0:00
Ron Hainsey 0 0 0 -1 4 2 1 0 0 2 0/0 19:04 1:58 5:53
Steve Eminger 0 0 0 1 0 1 2 3 0 0 0/0 26:02 0:00 7:24
Steve Regier 0 0 0 0 2 0 1 2 0 0 0/0 10:29 0:00 0:00
Tomas Kaberle 0 0 0 0 0 0 0 1 0 0 0/0 18:05 2:24 0:35
Players Stats for Canucks
Player Name G A P +/- PIM S H SB GA TA FO MP PP MP PK MP
------------------------------------------------------------------------------------
Alex Goligoski 0 1 1 1 2 0 0 0 3 0 0/0 27:02 6:20 1:13
Alex Tanguay 1 0 1 0 0 5 3 0 0 0 1/1 12:56 1:01 0:37
Andy Rogers 0 0 0 -1 0 0 2 0 0 0 0/0 11:55 0:00 2:26
Clarke MacArthur 0 1 1 0 0 1 2 0 1 0 0/0 16:54 5:20 1:17
David Jones 1 0 1 0 0 2 1 1 1 0 1/1 15:43 5:20 0:00
Jeremy Williams 0 0 0 0 0 1 1 0 1 0 1/1 11:55 0:58 0:00
Joe Sakic 0 1 1 0 0 1 1 0 0 0 9/9 16:57 5:17 1:20
Karl Alzner 0 0 0 0 2 0 1 2 0 0 0/0 20:29 5:59 0:45
Kim Johnsson 0 0 0 0 0 2 2 1 2 0 0/0 21:40 5:59 1:55
Matt Stajan 0 2 2 0 0 3 1 0 0 0 15/29 22:42 6:35 2:25
Maxim Lapierre 0 1 1 0 0 3 0 0 1 1 3/3 12:18 0:58 0:00
Nikolai Zherdev 0 1 1 0 0 3 2 0 1 0 0/2 20:19 6:35 0:00
Nils Ekman 0 0 0 0 0 0 0 0 0 0 1/1 7:23 0:00 0:00
Peter Worrell 2 0 2 0 0 3 1 0 0 0 1/1 22:34 6:35 2:17
Ryan Craig 0 0 0 0 0 1 0 0 0 0 2/3 7:23 0:00 0:00
Sami Lepisto 0 0 0 -1 2 0 1 0 0 0 0/0 11:04 1:20 0:00
Steve Montador 0 1 1 1 0 3 1 1 0 1 0/0 27:47 6:08 2:25
Steve Ott 0 0 0 0 0 3 1 0 0 0 0/0 8:34 0:00 0:48
3 Stars
1 - Alexander Semin (Cal)
2 - Peter Worrell (Van)
3 - Eric Staal (Cal)
Power Play
Flames - 1 on 3 Attempt(s) - 33,33%
Canucks - 3 on 7 Attempt(s) - 42,86%
Penalty Kill
Flames - 4 on 7 Attempt(s) - 57,14%
- Score 0 goal in Penalty Kill
Canucks - 2 on 3 Attempt(s) - 66,67%
- Score 0 goal in Penalty Kill
Official
Referees : Leggo Mike and Banfield David
Linesman : Andy McElman and Mark Shewchyk
Game Notes
Milan Hejduk ejected from game at 8:57 of 1st period
Finance
Level 1 -- Attendance: 4835 (80,58%) -- Ticket Income 444 820 $
Level 2 -- Attendance: 5000 (100,00%) -- Ticket Income 260 000 $
Level 3 -- Attendance: 2000 (100,00%) -- Ticket Income 60 000 $
Level 4 -- Attendance: 4000 (100,00%) -- Ticket Income 68 000 $
Luxury Box -- Attendance: 1000 (100,00%) -- Ticket Income 100 000 $
Game was played at the Budweiser Coliseum
Total Attendance: 16835 (93,53%)
Total Ticket Income: 932 820 $
Other Income: 139 923 $
Total Income: 1 072 743 $
Flames
5 vs 5 Forward
Center Left Wing Right Wing Time % Phy DF OF
1 Eric Staal Alexander Semin David Backes 40 1 2 2
2 Michal Handzus Mark Bell Jordin Tootoo 30 1 2 2
3 Marcel Goc Steve Regier Milan Hejduk 20 1 2 2
4 Mikhail Grabovski Mike Leclerc Branko Radivojevic 10 1 2 2
5 vs 5 Defense
Defense Defense Time % Phy DF OF
1 Filip Kuba Steve Eminger 40 1 2 2
2 Tomas Kaberle Erik Johnson 30 1 2 2
3 Derek Meech Ron Hainsey 20 1 2 2
4 Tomas Kaberle Steve Eminger 10 1 2 2
PowerPlay Forward
Center Left Wing Right Wing Time % Phy DF OF
1 Eric Staal Alexander Semin David Backes 60 1 2 2
2 Michal Handzus Mark Bell Milan Hejduk 40 1 2 2
PowerPlay Defense
Defense Defense Time % Phy DF OF
1 Tomas Kaberle Erik Johnson 60 1 2 2
2 Filip Kuba Ron Hainsey 40 1 2 2
Penalty Kill 4 Players Forward
Center Wing Time % Phy DF OF
1 Michal Handzus Mike Leclerc 60 1 3 1
2 Eric Staal Jordin Tootoo 40 1 3 1
Penalty Kill 4 Players Defense
Defense Defense Time % Phy DF OF
1 Ron Hainsey Steve Eminger 60 1 3 1
2 Derek Meech Erik Johnson 40 1 3 1
Penalty Kill - 3 Players Forward
Forward Time % Phy DF OF
1 Eric Staal 60 1 4 0
2 Mike Leclerc 40 1 4 0
Penalty Kill - 3 Players Defense
Defense Defense Time % Phy DF OF
1 Ron Hainsey Steve Eminger 60 1 4 0
2 Filip Kuba Erik Johnson 40 1 4 0
4 vs 4 Forward
Center Wing Time % Phy DF OF
1 Eric Staal Alexander Semin 60 1 2 2
2 Michal Handzus David Backes 40 1 2 2
4 vs 4 Defense
Defense Defense Time % Phy DF OF
1 Filip Kuba Steve Eminger 60 1 2 2
2 Tomas Kaberle Erik Johnson 40 1 2 2
Last Minutes Offensive
Center Left Wing Right Wing Defense Defense
Eric Staal Alexander Semin David Backes Filip Kuba Steve Eminger
Last Minutes Defensive
Center Left Wing Right Wing Defense Defense
Eric Staal Alexander Semin David Backes Filip Kuba Steve Eminger
Goaltenders
Starting : Craig Anderson
Backup : Pekka Rinne
Extra Forwards
Normal : Alexander Semin, Jordin Tootoo, Michal Handzus - PP : Mark Bell, Milan Hejduk - PK : David Backes
Extra Defensemen
Normal : Erik Johnson, Tomas Kaberle, Derek Meech - PP : Tomas Kaberle - PK : Erik Johnson, Filip Kuba
Penalty Shots
Alexander Semin, Eric Staal, David Backes, Milan Hejduk, Mark Bell
Canucks
5 vs 5 Forward
Center Left Wing Right Wing Time % Phy DF OF
1 Matt Stajan Peter Worrell Nikolai Zherdev 40 1 2 2
2 Joe Sakic Clarke MacArthur David Jones 30 1 2 2
3 Maxim Lapierre Alex Tanguay Jeremy Williams 20 1 2 2
4 Ryan Craig Steve Ott Nils Ekman 10 1 2 2
5 vs 5 Defense
Defense Defense Time % Phy DF OF
1 Steve Montador Alex Goligoski 40 1 2 2
2 Kim Johnsson Karl Alzner 30 1 2 2
3 Sami Lepisto Andy Rogers 20 1 2 2
4 Steve Montador Alex Goligoski 10 1 2 2
PowerPlay Forward
Center Left Wing Right Wing Time % Phy DF OF
1 Matt Stajan Peter Worrell Nikolai Zherdev 60 1 2 2
2 Joe Sakic Clarke MacArthur David Jones 40 1 2 2
PowerPlay Defense
Defense Defense Time % Phy DF OF
1 Steve Montador Alex Goligoski 60 1 2 2
2 Kim Johnsson Karl Alzner 40 1 2 2
Penalty Kill 4 Players Forward
Center Wing Time % Phy DF OF
1 Matt Stajan Peter Worrell 60 1 2 2
2 Clarke MacArthur Joe Sakic 40 1 2 2
Penalty Kill 4 Players Defense
Defense Defense Time % Phy DF OF
1 Steve Montador Alex Goligoski 60 1 2 2
2 Kim Johnsson Karl Alzner 40 1 2 2
Penalty Kill - 3 Players Forward
Forward Time % Phy DF OF
1 Matt Stajan 60 1 2 2
2 Peter Worrell 40 1 2 2
Penalty Kill - 3 Players Defense
Defense Defense Time % Phy DF OF
1 Steve Montador Alex Goligoski 60 1 2 2
2 Kim Johnsson Karl Alzner 40 1 2 2
4 vs 4 Forward
Center Wing Time % Phy DF OF
1 Matt Stajan Peter Worrell 60 1 2 2
2 Clarke MacArthur Joe Sakic 40 1 2 2
4 vs 4 Defense
Defense Defense Time % Phy DF OF
1 Steve Montador Alex Goligoski 60 1 2 2
2 Kim Johnsson Karl Alzner 40 1 2 2
Last Minutes Offensive
Center Left Wing Right Wing Defense Defense
Matt Stajan Peter Worrell Nikolai Zherdev Steve Montador Alex Goligoski
Last Minutes Defensive
Center Left Wing Right Wing Defense Defense
Matt Stajan Peter Worrell Nikolai Zherdev Steve Montador Alex Goligoski
Goaltenders
Starting : Carey Price
Backup : José Theodore
Extra Forwards
Normal : Alex Tanguay, Maxim Lapierre, Steve Ott - PP : Alex Tanguay, Maxim Lapierre - PK : Steve Ott
Extra Defensemen
Normal : Sami Lepisto, Andy Rogers, Kim Johnsson - PP : Sami Lepisto - PK : Andy Rogers, Kim Johnsson
Penalty Shots
Matt Stajan, Peter Worrell, Clarke MacArthur, Joe Sakic, Alex Tanguay
% Time on Ice - Flames
Lines # - Real PCT - Wanted PCT - Time Play
Normal Forward
1 - 31% - 40% - 13:06
2 - 29% - 30% - 12:22
3 - 25% - 20% - 10:30
4 - 16% - 10% - 6:47
Normal Defense
1 - 40% - 40% - 16:55
2 - 30% - 30% - 12:44
3 - 21% - 20% - 9:03
4 - 9% - 10% - 4:03
PP Forward
1 - 47% - 60% - 2:03
2 - 53% - 40% - 2:19
PP Defense
1 - 55% - 60% - 2:24
2 - 45% - 40% - 1:58
PK Forward
1 - 68% - 60% - 8:48
2 - 32% - 40% - 4:05
PK Defense
1 - 64% - 60% - 8:14
2 - 36% - 40% - 4:39
PK3 Forward
1 - 0% - 60%
2 - 0% - 40%
PK3 Defense
1 - 0% - 60%
2 - 0% - 40%
44 Forward
1 - 0% - 60%
2 - 0% - 40%
44 Defense
1 - 0% - 60%
2 - 0% - 40%
Last Minute Offensive - 0:00
Last Minute Defensive - 0:00
Total
Forward - 60:00
Defense - 60:00
|
% Time on Ice - Canucks
Lines # - Real PCT - Wanted PCT - Time Play
Normal Forward
1 - 34% - 40% - 14:26
2 - 24% - 30% - 10:17
3 - 25% - 20% - 10:39
4 - 17% - 10% - 7:23
Normal Defense
1 - 42% - 40% - 18:08
2 - 32% - 30% - 13:46
3 - 21% - 20% - 8:49
4 - 5% - 10% - 2:02
PP Forward
1 - 56% - 60% - 7:12
2 - 44% - 40% - 5:41
PP Defense
1 - 54% - 60% - 6:54
2 - 46% - 40% - 5:59
PK Forward
1 - 71% - 60% - 3:05
2 - 29% - 40% - 1:17
PK Defense
1 - 56% - 60% - 2:27
2 - 44% - 40% - 1:55
PK3 Forward
1 - 0% - 60%
2 - 0% - 40%
PK3 Defense
1 - 0% - 60%
2 - 0% - 40%
44 Forward
1 - 0% - 60%
2 - 0% - 40%
44 Defense
1 - 0% - 60%
2 - 0% - 40%
Last Minute Offensive - 0:00
Last Minute Defensive - 0:00
Total
Forward - 60:00
Defense - 60:00
|
Play by Play
1st period
0:01 of 1st period - Matt Stajan wins face-off versus Eric Staal in neutral zone.
0:26 of 1st period - Clarke MacArthur is hit by Jordin Tootoo and loses puck.
1:08 of 1st period - Snap shot by Jeremy Williams.
1:08 of 1st period - Shot Misses the Net.
1:16 of 1st period - Wrist shot by Maxim Lapierre.
1:16 of 1st period - Shot Misses the Net.
1:18 of 1st period - Snap shot by Jeremy Williams.
1:18 of 1st period - Shot Misses the Net.
1:42 of 1st period - Snap shot by David Backes.
1:42 of 1st period - Shot Hit the Post.
2:14 of 1st period - Icing by Steve Ott.
2:15 of 1st period - Marcel Goc wins face-off versus Ryan Craig in Canucks zone.
2:24 of 1st period - Snap shot by Marcel Goc.
2:24 of 1st period - Shot Misses the Net.
2:44 of 1st period - Snap shot by Nikolai Zherdev.
2:44 of 1st period - Shot Blocked by Filip Kuba.
2:51 of 1st period - Minor Penalty to Alex Goligoski for Hooking.
2:52 of 1st period - Eric Staal wins face-off versus Matt Stajan in Canucks zone.
4:05 of 1st period - Matt Stajan is hit by Eric Staal and loses puck.
4:26 of 1st period - Milan Hejduk is hit by Andy Rogers and loses puck.
4:51 of 1st period - Penalty to Alex Goligoski is over, Alex Goligoski is back on ice.
4:57 of 1st period - David Backes is hit by Steve Montador and loses puck.
6:09 of 1st period - Sami Lepisto is hit by Mike Leclerc and loses puck.
6:57 of 1st period - Eric Staal is hit by Clarke MacArthur and loses puck.
7:19 of 1st period - Mike Leclerc is hit by Kim Johnsson and loses puck.
8:28 of 1st period - Matt Stajan is hit by David Backes and loses puck.
8:57 of 1st period - Major / Game Misconduct Penalty to Milan Hejduk for Unsportsmanlike conduct.
8:57 of 1st period - Milan Hejduk is ejected from game.
8:58 of 1st period - Michal Handzus wins face-off versus Matt Stajan in Flames zone.
10:11 of 1st period - Snap shot by David Backes.
10:11 of 1st period - Deflect By Alexander Semin.
10:11 of 1st period - Stopped by Carey Price with a rebound.
10:43 of 1st period - Sami Lepisto is hit by Jordin Tootoo and loses puck.
11:09 of 1st period - Karl Alzner is hit by Michal Handzus.
11:34 of 1st period - Wrist shot by Alexander Semin.
11:34 of 1st period - Stopped by Carey Price without a rebound.
11:35 of 1st period - David Backes wins face-off versus Matt Stajan in Canucks zone.
12:14 of 1st period - Peter Worrell is hit by Erik Johnson and loses puck.
12:38 of 1st period - Erik Johnson is hit by Kim Johnsson and loses puck.
13:57 of 1st period - Penalty to Milan Hejduk is over, Branko Radivojevic is send on ice.
14:00 of 1st period - Icing by Ron Hainsey.
14:01 of 1st period - Ryan Craig wins face-off versus David Backes in Flames zone.
14:14 of 1st period - Wrist shot by Steve Ott.
14:14 of 1st period - Stopped by Craig Anderson with a rebound.
14:28 of 1st period - Slapshot by Jeremy Williams.
14:28 of 1st period - Shot Misses the Net.
14:30 of 1st period - Slapshot by Karl Alzner.
14:30 of 1st period - Shot Misses the Net.
14:32 of 1st period - Backhand shot by Karl Alzner.
14:32 of 1st period - Shot Misses the Net.
14:34 of 1st period - Snap shot by Alex Tanguay.
14:34 of 1st period - Stopped by Craig Anderson with a rebound.
14:36 of 1st period - Slapshot by Kim Johnsson.
14:36 of 1st period - Stopped by Craig Anderson without a rebound.
14:37 of 1st period - Joe Sakic wins face-off versus Michal Handzus in Flames zone.
14:44 of 1st period - Snap shot by Jordin Tootoo.
14:44 of 1st period - Stopped by Carey Price without a rebound.
14:45 of 1st period - Joe Sakic wins face-off versus Michal Handzus in Canucks zone.
15:34 of 1st period - Backhand shot by Marcel Goc.
15:34 of 1st period - Shot Misses the Net.
15:50 of 1st period - Karl Alzner is hit by Ron Hainsey and loses puck.
16:09 of 1st period - Slapshot by Clarke MacArthur.
16:09 of 1st period - Shot Blocked by Mikhail Grabovski.
16:11 of 1st period - Wrist shot by Clarke MacArthur.
16:11 of 1st period - Deflect By David Jones.
16:11 of 1st period - Shot Blocked by Filip Kuba.
16:11 of 1st period - Puck is out of play.
16:12 of 1st period - Matt Stajan wins face-off versus Eric Staal in Flames zone.
17:12 of 1st period - Karl Alzner is hit by Steve Regier and loses puck.
17:23 of 1st period - Steve Eminger is hit by Nikolai Zherdev and loses puck.
17:55 of 1st period - Steve Ott is hit by Jordin Tootoo and loses puck.
18:08 of 1st period - Snap shot by Eric Staal.
18:08 of 1st period - Shot Misses the Net.
18:10 of 1st period - Snap shot by Ron Hainsey.
18:10 of 1st period - Stopped by Carey Price without a rebound.
18:11 of 1st period - Joe Sakic wins face-off versus Marcel Goc in Canucks zone.
18:19 of 1st period - Minor Penalty to Ron Hainsey for Tripping.
18:20 of 1st period - Michal Handzus wins face-off versus Matt Stajan in Flames zone.
18:32 of 1st period - Snap shot by Nikolai Zherdev.
18:32 of 1st period - Shot Blocked by Steve Eminger.
18:34 of 1st period - Wrist shot by Nikolai Zherdev.
18:34 of 1st period - Deflect By Peter Worrell.
18:34 of 1st period - Goal by Peter Worrell - Flames : 0 - Canucks : 1.
18:35 of 1st period - Eric Staal wins face-off versus Matt Stajan in neutral zone.
18:38 of 1st period - Nikolai Zherdev is hit by David Backes and loses puck.
19:05 of 1st period - Snap shot by Clarke MacArthur.
19:05 of 1st period - Shot Blocked by Jordin Tootoo.
19:07 of 1st period - Slapshot by Alex Goligoski.
19:07 of 1st period - Shot Misses the Net.
19:09 of 1st period - Wrist shot by Steve Montador.
19:09 of 1st period - Deflect By Filip Kuba.
19:09 of 1st period - Stopped by Craig Anderson with a rebound.
19:11 of 1st period - Snap shot by Clarke MacArthur.
19:11 of 1st period - Stopped by Craig Anderson with a rebound.
19:40 of 1st period - Filip Kuba is hit by Steve Ott and loses puck.
19:47 of 1st period - Snap shot by Steve Ott.
19:47 of 1st period - Shot Blocked by Filip Kuba.
19:53 of 1st period - Snap shot by Ryan Craig.
19:53 of 1st period - Deflect By Nils Ekman.
19:53 of 1st period - Shot Hit the Post.
19:53 of 1st period - Puck is out of play.
19:54 of 1st period - Matt Stajan wins face-off versus Michal Handzus in Flames zone.
19:57 of 1st period - Wrist shot by Matt Stajan.
19:57 of 1st period - Shot Misses the Net.
Goals for this period are 0 for Flames vs 1 for Canucks.
Shots for this period are 4 for Flames vs 6 for Canucks.
2nd period
0:01 of 2nd period - Matt Stajan wins face-off versus Eric Staal in neutral zone.
0:12 of 2nd period - Slapshot by Matt Stajan.
0:12 of 2nd period - Stopped by Craig Anderson with a rebound.
1:21 of 2nd period - Wrist shot by Nils Ekman.
1:21 of 2nd period - Shot Misses the Net.
1:38 of 2nd period - Snap shot by Eric Staal.
1:38 of 2nd period - Stopped by Carey Price without a rebound.
1:39 of 2nd period - Joe Sakic wins face-off versus Eric Staal in Canucks zone.
2:25 of 2nd period - Alex Goligoski is hit by Alexander Semin and loses puck.
2:44 of 2nd period - Alex Tanguay is hit by Erik Johnson.
3:14 of 2nd period - Snap shot by Joe Sakic.
3:14 of 2nd period - Shot Misses the Net.
3:30 of 2nd period - Snap shot by Mark Bell.
3:30 of 2nd period - Stopped by Carey Price without a rebound.
3:31 of 2nd period - Matt Stajan wins face-off versus Michal Handzus in Canucks zone.
3:57 of 2nd period - David Jones is hit by Steve Eminger and loses puck.
4:04 of 2nd period - David Backes is hit by Joe Sakic and loses puck.
4:18 of 2nd period - Off-side.
4:19 of 2nd period - Nils Ekman wins face-off versus Marcel Goc in neutral zone.
4:25 of 2nd period - Backhand shot by Steve Ott.
4:25 of 2nd period - Shot Blocked by Steve Regier.
4:27 of 2nd period - Wrist shot by Nils Ekman.
4:27 of 2nd period - Shot Misses the Net.
5:24 of 2nd period - Minor Penalty to Karl Alzner for Slashing.
5:25 of 2nd period - Eric Staal wins face-off versus Matt Stajan in Canucks zone.
7:24 of 2nd period - Penalty to Karl Alzner is over, Karl Alzner is back on ice.
8:21 of 2nd period - Wrist shot by Alex Tanguay.
8:21 of 2nd period - Shot Misses the Net.
8:23 of 2nd period - Snap shot by Karl Alzner.
8:23 of 2nd period - Deflect By Maxim Lapierre.
8:23 of 2nd period - Stopped by Craig Anderson without a rebound.
8:24 of 2nd period - Alex Tanguay wins face-off versus Jordin Tootoo in Flames zone.
8:31 of 2nd period - Steve Eminger is hit by Alex Tanguay and loses puck.
8:36 of 2nd period - Snap shot by Maxim Lapierre.
8:36 of 2nd period - Stopped by Craig Anderson without a rebound.
8:37 of 2nd period - Michal Handzus wins face-off versus Nikolai Zherdev in Flames zone.
9:09 of 2nd period - Snap shot by Joe Sakic.
9:09 of 2nd period - Stopped by Craig Anderson with a rebound.
9:11 of 2nd period - Snap shot by Karl Alzner.
9:11 of 2nd period - Shot Blocked by Tomas Kaberle.
9:46 of 2nd period - Wrist shot by Peter Worrell.
9:46 of 2nd period - Shot Misses the Net.
9:48 of 2nd period - Snap shot by Matt Stajan.
9:48 of 2nd period - Shot Misses the Net.
10:15 of 2nd period - Minor Penalty to David Backes for Interference.
10:16 of 2nd period - Matt Stajan wins face-off versus Michal Handzus in Flames zone.
10:26 of 2nd period - Wrist shot by Matt Stajan.
10:26 of 2nd period - Shot Hit the Post.
10:28 of 2nd period - Wrist shot by Peter Worrell.
10:28 of 2nd period - Goal by Peter Worrell - Flames : 0 - Canucks : 2.
10:29 of 2nd period - Matt Stajan wins face-off versus Eric Staal in neutral zone.
10:37 of 2nd period - Off-side.
10:38 of 2nd period - Matt Stajan wins face-off versus Eric Staal in neutral zone.
11:03 of 2nd period - Slapshot by David Backes.
11:03 of 2nd period - Shot Misses the Net.
12:01 of 2nd period - Wrist shot by Nikolai Zherdev.
12:01 of 2nd period - Stopped by Craig Anderson with a rebound.
12:03 of 2nd period - Wrist shot by Nikolai Zherdev.
12:03 of 2nd period - Shot Misses the Net.
12:05 of 2nd period - Slapshot by Steve Montador.
12:05 of 2nd period - Stopped by Craig Anderson without a rebound.
12:06 of 2nd period - Joe Sakic wins face-off versus Michal Handzus in Flames zone.
12:21 of 2nd period - Slapshot by Michal Handzus.
12:21 of 2nd period - Stopped by Carey Price without a rebound.
12:22 of 2nd period - Maxim Lapierre wins face-off versus Marcel Goc in Canucks zone.
13:21 of 2nd period - Minor Penalty to Sami Lepisto for Holding.
13:22 of 2nd period - Michal Handzus wins face-off versus Matt Stajan in Canucks zone.
13:27 of 2nd period - Snap shot by Mark Bell.
13:27 of 2nd period - Stopped by Carey Price without a rebound.
13:28 of 2nd period - Matt Stajan wins face-off versus Michal Handzus in Canucks zone.
13:31 of 2nd period - Snap shot by Mark Bell.
13:31 of 2nd period - Shot Misses the Net.
13:33 of 2nd period - Backhand shot by Michal Handzus.
13:33 of 2nd period - Shot Misses the Net.
13:35 of 2nd period - Wrist shot by Ron Hainsey.
13:35 of 2nd period - Stopped by Carey Price without a rebound.
13:36 of 2nd period - Eric Staal wins face-off versus Matt Stajan in Canucks zone.
13:41 of 2nd period - Snap shot by Alexander Semin.
13:41 of 2nd period - Deflect By Eric Staal.
13:41 of 2nd period - Stopped by Carey Price without a rebound.
13:42 of 2nd period - Eric Staal wins face-off versus Matt Stajan in Canucks zone.
13:45 of 2nd period - Snap shot by Eric Staal.
13:45 of 2nd period - Deflect By Alexander Semin.
13:45 of 2nd period - Deflect By Alex Goligoski.
13:45 of 2nd period - Goal by Alexander Semin - Flames : 1 - Canucks : 2.
13:46 of 2nd period - Eric Staal wins face-off versus Matt Stajan in neutral zone.
13:49 of 2nd period - Matt Stajan is hit by Alexander Semin and loses puck.
14:00 of 2nd period - Backhand shot by David Backes.
14:00 of 2nd period - Shot Blocked by Steve Montador.
14:12 of 2nd period - Steve Eminger is hit by David Jones and loses puck.
14:32 of 2nd period - Minor Penalty to Erik Johnson for Tripping.
14:33 of 2nd period - Michal Handzus wins face-off versus Matt Stajan in Flames zone.
15:48 of 2nd period - Icing by Matt Stajan.
15:49 of 2nd period - Joe Sakic wins face-off versus Michal Handzus in Canucks zone.
16:07 of 2nd period - Kim Johnsson is hit by Jordin Tootoo and loses puck.
16:32 of 2nd period - Penalty to Erik Johnson is over, Erik Johnson is back on ice.
16:36 of 2nd period - Snap shot by Steve Regier.
16:36 of 2nd period - Deflect By Karl Alzner.
16:36 of 2nd period - Shot Blocked by Karl Alzner.
16:36 of 2nd period - Puck is out of play.
16:37 of 2nd period - Maxim Lapierre wins face-off versus Marcel Goc in Canucks zone.
17:03 of 2nd period - Tomas Kaberle is hit by Jeremy Williams and loses puck.
17:24 of 2nd period - Maxim Lapierre is hit by Alexander Semin and loses puck.
17:59 of 2nd period - Snap shot by Alex Tanguay.
17:59 of 2nd period - Stopped by Craig Anderson with a rebound.
18:01 of 2nd period - Wrist shot by Alex Tanguay.
18:01 of 2nd period - Shot Misses the Net.
18:11 of 2nd period - Snap shot by Maxim Lapierre.
18:11 of 2nd period - Deflect By Steve Regier.
18:11 of 2nd period - Stopped by Craig Anderson without a rebound.
18:12 of 2nd period - Matt Stajan wins face-off versus Michal Handzus in Flames zone.
18:13 of 2nd period - Snap shot by Nikolai Zherdev.
18:13 of 2nd period - Stopped by Craig Anderson with a rebound.
18:41 of 2nd period - Slapshot by Kim Johnsson.
18:41 of 2nd period - Stopped by Craig Anderson with a rebound.
Goals for this period are 1 for Flames vs 1 for Canucks.
Shots for this period are 7 for Flames vs 11 for Canucks.
3rd period
0:01 of 3rd period - Matt Stajan wins face-off versus Eric Staal in neutral zone.
0:13 of 3rd period - Minor Penalty to Eric Staal for Holding.
0:14 of 3rd period - Matt Stajan wins face-off versus Michal Handzus in Flames zone.
0:18 of 3rd period - Snap shot by Peter Worrell.
0:18 of 3rd period - Shot Blocked by Steve Eminger.
0:20 of 3rd period - Slapshot by Steve Montador.
0:20 of 3rd period - Stopped by Craig Anderson without a rebound.
0:21 of 3rd period - Peter Worrell wins face-off versus Mike Leclerc in Flames zone.
0:24 of 3rd period - Snap shot by Nikolai Zherdev.
0:24 of 3rd period - Deflect By Peter Worrell.
0:24 of 3rd period - Stopped by Craig Anderson with a rebound.
0:26 of 3rd period - Wrist shot by Matt Stajan.
0:26 of 3rd period - Stopped by Craig Anderson with a rebound.
0:28 of 3rd period - Snap shot by Peter Worrell.
0:28 of 3rd period - Shot Misses the Net.
0:30 of 3rd period - Wrist shot by Peter Worrell.
0:30 of 3rd period - Shot Misses the Net.
0:34 of 3rd period - Wrist shot by Nikolai Zherdev.
0:34 of 3rd period - Shot Misses the Net.
0:36 of 3rd period - Snap shot by Matt Stajan.
0:36 of 3rd period - Shot Misses the Net.
1:31 of 3rd period - Icing by Nikolai Zherdev.
1:32 of 3rd period - Joe Sakic wins face-off versus Marcel Goc in Canucks zone.
1:40 of 3rd period - Backhand shot by Clarke MacArthur.
1:40 of 3rd period - Shot Misses the Net.
1:42 of 3rd period - Wrist shot by Clarke MacArthur.
1:42 of 3rd period - Deflect By David Jones.
1:42 of 3rd period - Goal by David Jones - Flames : 1 - Canucks : 3.
1:43 of 3rd period - Eric Staal wins face-off versus Matt Stajan in neutral zone.
1:46 of 3rd period - Steve Montador is hit by David Backes and loses puck.
1:55 of 3rd period - Snap shot by Alexander Semin.
1:55 of 3rd period - Stopped by Carey Price with a rebound.
1:57 of 3rd period - Snap shot by Filip Kuba.
1:57 of 3rd period - Deflect By Eric Staal.
1:57 of 3rd period - Stopped by Carey Price with a rebound.
1:59 of 3rd period - Slapshot by Steve Eminger.
1:59 of 3rd period - Stopped by Carey Price without a rebound.
2:00 of 3rd period - Joe Sakic wins face-off versus Michal Handzus in Canucks zone.
2:26 of 3rd period - Steve Montador is hit by Steve Eminger and loses puck.
2:47 of 3rd period - Wrist shot by Nils Ekman.
2:47 of 3rd period - Shot Blocked by Filip Kuba.
2:51 of 3rd period - Slapshot by Steve Ott.
2:51 of 3rd period - Stopped by Craig Anderson with a rebound.
3:11 of 3rd period - Backhand shot by Eric Staal.
3:11 of 3rd period - Goal by Eric Staal - Flames : 2 - Canucks : 3.
3:12 of 3rd period - Michal Handzus wins face-off versus Matt Stajan in neutral zone.
3:31 of 3rd period - Jordin Tootoo is hit by Matt Stajan and loses puck.
3:53 of 3rd period - Icing by Erik Johnson.
3:54 of 3rd period - Joe Sakic wins face-off versus Marcel Goc in Flames zone.
4:03 of 3rd period - Snap shot by David Jones.
4:03 of 3rd period - Shot Misses the Net.
4:05 of 3rd period - Wrist shot by David Jones.
4:05 of 3rd period - Stopped by Craig Anderson without a rebound.
4:06 of 3rd period - Jordin Tootoo wins face-off versus Nikolai Zherdev in Flames zone.
4:17 of 3rd period - Wrist shot by Matt Stajan.
4:17 of 3rd period - Stopped by Craig Anderson with a rebound.
4:19 of 3rd period - Wrist shot by Matt Stajan.
4:19 of 3rd period - Shot Hit the Post.
4:21 of 3rd period - Snap shot by Matt Stajan.
4:21 of 3rd period - Shot Blocked by Steve Eminger.
4:31 of 3rd period - Mark Bell is hit by Alex Tanguay and loses puck.
4:36 of 3rd period - Wrist shot by Alex Tanguay.
4:36 of 3rd period - Stopped by Craig Anderson without a rebound.
4:37 of 3rd period - Jeremy Williams wins face-off versus Eric Staal in Flames zone.
4:50 of 3rd period - Snap shot by Alex Tanguay.
4:50 of 3rd period - Stopped by Craig Anderson without a rebound.
4:51 of 3rd period - Matt Stajan wins face-off versus Eric Staal in Flames zone.
5:02 of 3rd period - Wrist shot by Nikolai Zherdev.
5:02 of 3rd period - Stopped by Craig Anderson without a rebound.
5:03 of 3rd period - Matt Stajan wins face-off versus Eric Staal in Flames zone.
5:30 of 3rd period - Steve Eminger is hit by Karl Alzner and loses puck.
5:41 of 3rd period - Jeremy Williams is hit by Mark Bell and loses puck.
5:52 of 3rd period - Wrist shot by Marcel Goc.
5:52 of 3rd period - Shot Misses the Net.
5:54 of 3rd period - Snap shot by Steve Regier.
5:54 of 3rd period - Shot Misses the Net.
5:56 of 3rd period - Snap shot by Steve Regier.
5:56 of 3rd period - Shot Blocked by Karl Alzner.
6:08 of 3rd period - Wrist shot by Steve Ott.
6:08 of 3rd period - Deflect By Nils Ekman.
6:08 of 3rd period - Shot Misses the Net.
6:08 of 3rd period - Puck is out of play.
6:09 of 3rd period - Ryan Craig wins face-off versus Mikhail Grabovski in Flames zone.
6:10 of 3rd period - Slapshot by Alex Goligoski.
6:10 of 3rd period - Shot Blocked by Mike Leclerc.
6:16 of 3rd period - Slapshot by Alex Goligoski.
6:16 of 3rd period - Deflect By Steve Ott.
6:16 of 3rd period - Stopped by Craig Anderson with a rebound.
6:18 of 3rd period - Wrist shot by Ryan Craig.
6:18 of 3rd period - Shot Misses the Net.
6:20 of 3rd period - Wrist shot by Steve Montador.
6:20 of 3rd period - Shot Misses the Net.
6:22 of 3rd period - Wrist shot by Ryan Craig.
6:22 of 3rd period - Shot Misses the Net.
6:24 of 3rd period - Wrist shot by Ryan Craig.
6:24 of 3rd period - Stopped by Craig Anderson with a rebound.
7:08 of 3rd period - Icing by Jeremy Williams.
7:09 of 3rd period - Maxim Lapierre wins face-off versus Michal Handzus in Canucks zone.
7:22 of 3rd period - Snap shot by Jeremy Williams.
7:22 of 3rd period - Stopped by Craig Anderson with a rebound.
7:24 of 3rd period - Snap shot by Jeremy Williams.
7:24 of 3rd period - Shot Misses the Net.
7:26 of 3rd period - Wrist shot by Alex Tanguay.
7:26 of 3rd period - Shot Misses the Net.
7:32 of 3rd period - Backhand shot by Alex Tanguay.
7:32 of 3rd period - Goal by Alex Tanguay - Flames : 2 - Canucks : 4.
7:33 of 3rd period - Eric Staal wins face-off versus Matt Stajan in neutral zone.
8:10 of 3rd period - Snap shot by Filip Kuba.
8:10 of 3rd period - Shot Blocked by David Jones.
8:40 of 3rd period - Nikolai Zherdev is hit by Mike Leclerc and loses puck.
9:10 of 3rd period - Minor Penalty to Ron Hainsey for High sticking.
9:11 of 3rd period - Matt Stajan wins face-off versus Michal Handzus in Flames zone.
10:43 of 3rd period - Snap shot by David Backes.
10:43 of 3rd period - Shot Blocked by Kim Johnsson.
11:10 of 3rd period - Penalty to Ron Hainsey is over, Ron Hainsey is back on ice.
11:29 of 3rd period - Wrist shot by Alex Tanguay.
11:29 of 3rd period - Shot Blocked by Steve Regier.
11:35 of 3rd period - Minor Penalty to Steve Regier for Hooking.
11:36 of 3rd period - David Jones wins face-off versus Michal Handzus in Flames zone.
11:37 of 3rd period - Wrist shot by Clarke MacArthur.
11:37 of 3rd period - Shot Misses the Net.
13:35 of 3rd period - Penalty to Steve Regier is over, Steve Regier is back on ice.
14:18 of 3rd period - Maxim Lapierre is hit by Alexander Semin and loses puck.
15:19 of 3rd period - Joe Sakic is hit by David Backes and loses puck.
15:40 of 3rd period - Branko Radivojevic is hit by Clarke MacArthur and loses puck.
16:10 of 3rd period - Jordin Tootoo is hit by Alex Tanguay and loses puck.
16:21 of 3rd period - David Backes is hit by Sami Lepisto and loses puck.
16:34 of 3rd period - Branko Radivojevic is hit by Peter Worrell and loses puck.
17:20 of 3rd period - Ron Hainsey is hit by Andy Rogers and loses puck.
18:28 of 3rd period - Branko Radivojevic is hit by Nikolai Zherdev and loses puck.
Goals for this period are 1 for Flames vs 2 for Canucks.
Shots for this period are 4 for Flames vs 14 for Canucks.
Output by the SimonT Hockey Simulator (STHS) for François Prévost -- Original Page W3C XHTML 1.0 Valid